 Dungeon Crawl Stone Soup version 0.17.0-24-gcfadda4 (webtiles) character file.

193 Helmschank the Skirmisher (level 5, -1/55 HPs)
             Began as an Ogre Wanderer on Nov 16, 2015.
             Slain by a shadow imp (6 damage)
             ... summoned by Natasha
             ... on level 1 of the Dungeon.
             The game lasted 00:14:30 (4364 turns).

Helmschank the Skirmisher (Ogre Wanderer)           Turns: 4364, Time: 00:14:30

Health: -1/55      AC:  4    Str: 18    XL:     5   Next: 72%
Magic:  6/6        EV: 10    Int: 11    God:
Gold:   89         SH:  0    Dex:  9    Spells: 0 memorised, 6 levels left

rFire  . . .     SeeInvis .     w - +0 mace
rCold  . . .     Clarity  .     c - +0 robe
rNeg   . . .     SustAt   .     (no shield)
rPois  .         Gourm    .     j - +1 hat
rElec  .         Spirit   .     (no cloak)
rCorr  .         Warding  .     (gloves unavailable)
rMut   .         Stasis   .     (boots unavailable)
MR     .....                    (no amulet)
Stlth  +.........               (no ring)
                                (no ring)

@: very slightly contaminated, hasted, very quick, not resistant to hostile
enchantments, very unstealthy
A: unfitting armour, tough skin 1
a: no special abilities


You were on level 1 of the Dungeon.
You were not hungry.

You visited 1 branch of the dungeon, and saw 3 of its levels.

You collected 89 gold pieces.

Inventory:

Hand Weapons
 l - a +0 whip
 q - a +2 dagger
 s - a +1 dagger of venom
 w - a +0 mace (weapon)
Missiles
 n - 83 stones (quivered)
 t - 10 poisoned needles
Armour
 c - a +0 robe (worn)
 j - a +1 hat (worn)
Jewellery
 f - a +3 ring of evasion {unknown}
Scrolls
 a - 3 scrolls of identify {unknown}
 h - a scroll of enchant armour {unknown}
 i - 3 scrolls of remove curse {unknown}
 p - a scroll of blinking {unknown}
 r - a scroll of fog {unknown}
 v - a scroll of amnesia {unknown}
 y - 2 scrolls of enchant weapon {unknown}
Potions
 u - a potion of magic {unknown}
 x - 2 potions of degeneration {unknown}
 z - a potion of flight {unknown}
Books
 d - the Guide on Fire

   Spells                             Type                      Level
   a - Flame Tongue                   Conjuration/Fire             1
   b - Inner Flame                    Hexes/Fire                   3
Comestibles
 e - a bread ration
 g - 2 slices of pizza
 m - 3 fruits
 o - 2 meat rations


   Skills:
 + Level 4.6 Fighting
 * Level 3.7 Maces & Flails
 + Level 1.4 Throwing
 + Level 2.6 Dodging
 - Level 1.0 Stealth
 - Level 1.2 Spellcasting
   Level 2.1 Charms
   Level 1.0 Necromancy
   Level 1.0 Evocations


You had 6 spell levels left.
You didn't know any spells.

Dungeon Overview and Level Annotations

Branches:
Dungeon (3/15)

Altars:

Annotations:
D:1 Natasha
D:3 Grinder; Robin; slothkinggreen's ghost, amateur GrSk


Innate Abilities, Weirdness & Mutations

You are too large for most types of armour.
You have tough skin (AC +1).


Message History

You closely miss Natasha.
The crimson imp hits you but does no damage.
The white imp laughs crazily.
Natasha claws you.
* * * LOW HITPOINT WARNING * * *
You closely miss Natasha. The crimson imp closely misses you.
The crimson imp closely misses you.
You closely miss Natasha. Natasha claws you!
* * * LOW HITPOINT WARNING * * *
The crimson imp hits you but does no damage.
You hit Natasha but do no damage.
The crimson imp hits you but does no damage.
Natasha stares at you and mumbles some strange words.
The magic dart hits you!
* * * LOW HITPOINT WARNING * * *
The shadow imp closely misses you. The crimson imp barely misses you.
You barely miss Natasha. The crimson imp hits you.
* * * LOW HITPOINT WARNING * * *
Natasha claws you but does no damage. The shadow imp hits you.
You die...

...## ##....#
##########...####.
.##.###.#...#
##.................
.##..#.>#.#.#
#..#########.......
.#.##.......###......#
#.######
..####.#(..........#.#####.#
##.###...#.......#.........#
###.##.....#...#.....#####.#
...#.#...(...#(5.....# #.#
.#...........#55@....# #.#
...........#...#h5...# #.#
#.###....#.......#...# #.#
#.# #..#...........#.# #.#
#.# ##......###......# #^#
#.# ######## #.###### #.#
#.# ###.##########.# #.#
#..............# #.#
#.##############


You could see Natasha, 2 crimson imps, a white imp and a shadow imp.

Vanquished Creatures
  Natasha (twice) (D:1)
  8 adders
  6 giant geckos
  2 orcs (D:3)
  2 ball pythons
  2 giant cockroaches
  21 goblins
  12 hobgoblins
  2 quokkas (D:2)
  10 bats
  3 giant newts
  7 kobolds
  10 rats
87 creatures vanquished.

Notes
Turn   | Place    | Note
--------------------------------------------------------------
     0 | D:1      | Helmschank the Ogre Wanderer began the quest for the Orb.
     0 | D:1      | Helmschank set off with: a +2 dagger, a potion of haste, a +0 robe, the Guide on Fire, a bread ration
     0 | D:1      | Reached XP level 1. HP: 22/22 MP: 2/2
   121 | D:1      | Reached skill level 3 in Fighting
   229 | D:1      | Reached XP level 2. HP: 29/31 MP: 3/3
   461 | D:1      | Reached skill level 1 in Maces & Flails
   541 | D:1      | Reached XP level 3. HP: 36/39 MP: 4/4
   906 | D:2      | Found a faded altar to an unknown god.
  1124 | D:2      | Reached skill level 4 in Fighting
  1124 | D:2      | Reached XP level 4. HP: 33/48 MP: 5/5
  2366 | D:2      | Reached XP level 5. HP: 49/55 MP: 6/6
  2483 | D:3      | Noticed slothkinggreen's ghost (amateur GrSk)
  2577 | D:3      | Noticed Grinder
  2606 | D:2      | Reached skill level 1 in Throwing
  2636 | D:2      | HP: 2/55 [poisoned by an adder]
  3020 | D:3      | Paralysed by Grinder for 4 turns
  3092 | D:3      | Noticed Robin
  3094 | D:3      | Noticed Natasha
  3856 | D:1      | Killed Natasha
  3856 | D:1      | Noticed Natasha
  4146 | D:1      | Killed Natasha
  4345 | D:1      | Noticed Natasha
  4364 | D:1      | Slain by a shadow imp

Action                   |  1- 3 |  4- 6 || total
-------------------------+-------+-------++-------
Melee: Dagger            |   120 |       ||   120
       Mace              |       |   240 ||   240
       Whip              |       |    24 ||    24
Throw: Stone             |    21 |    53 ||    74
       Tomahawk          |       |     1 ||     1
  Use: Potion            |       |     3 ||     3
 Stab: Sleeping          |     2 |     1 ||     3
  Eat: Chunk             |     1 |     8 ||     9
       Bread ration      |       |     1 ||     1
